 Dungeon Crawl Stone Soup version 0.22-a0-351-g29664b4 (webtiles) character file.

289 silt the Chucker (level 6, 61/61 HPs)
             Began as a Troll Hunter on Apr 13, 2018.
             Quit the game on level 3 of the Dungeon.
             The game lasted 00:13:44 (1763 turns).

silt the Chucker (Troll Hunter)                     Turns: 1763, Time: 00:13:45

Health: 61/61      AC:  9    Str: 22    XL:     6   Next: 9%
Magic:  5/5        EV: 10    Int:  7    God:
Gold:   45         SH:  0    Dex: 11    Spells: 5/5 levels left

rFire    . . .     SeeInvis .   m - +2 spear (venom)
rCold    . . .     Gourm    +   (no shield)
rNeg     . . .     Faith    .   b - +0 robe
rPois    .         Spirit   .   (helmet restricted)
rElec    .         Reflect  .   (no cloak)
rCorr    .         Harm     .   (gloves unavailable)
MR       .....                  (boots unavailable)
Stlth    ++........             (no amulet)
HPRegen  0.60/turn              j - +4 ring of protection
MPRegen  0.09/turn              (no ring)

@: no status effects
A: large, unfitting armour, claws 3, fast metabolism 3, gourmand, regeneration
1, shaggy fur 1, tough skin 2
a: no special abilities


You were on level 3 of the Dungeon.
You were very full.

You visited 1 branch of the dungeon, and saw 3 of its levels.

You collected 45 gold pieces.

Inventory:

Hand Weapons
 g - a +0 spear
 m - a +2 spear of venom (weapon)
 r - a +2 vampiric scythe
Missiles
 c - 5 large rocks
 d - 3 throwing nets
 e - 54 stones (quivered)
 n - 28 sling bullets
 t - 3 tomahawks
Armour
 b - a +0 robe (worn)
 s - a +0 robe
Jewellery
 j - a +4 ring of protection (left claw)
Scrolls
 h - a scroll of teleportation {unknown}
 i - 2 scrolls of identify {unknown}
 o - a scroll of blinking {unknown}
 v - 2 scrolls of enchant weapon {unknown}
 x - a scroll of magic mapping {unknown}
Potions
 a - a potion of heal wounds {unknown}
 k - 3 potions of curing {unknown}
 l - a potion of magic {unknown}
 p - a potion of flight {unknown}
 q - a potion of berserk rage {unknown}
 u - 2 potions of degeneration {unknown}
 w - a potion of might {unknown}
Comestibles
 f - 9 rations


   Skills:
 + Level 3.5 Fighting
 - Level 4.0 Throwing
 - Level 1.5 Dodging
 + Level 2.6 Stealth


You had 5 spell levels left.
You didn't know any spells.

Dungeon Overview and Level Annotations

Branches:
Dungeon (3/15)

Altars:
Nemelex Xobeh
Sif Muna
Zin


Innate Abilities, Weirdness & Mutations

You are too large for most types of armour.
You have claws for hands.
Your metabolism is lightning-fast.
You like to eat raw meat.
Your natural rate of healing is unusually fast.
You are covered in fur. (AC +1)
You have very tough skin. (AC +2)


Message History

Okay, then.
You hit the adder but do no damage.
The adder is poisoned.
The adder bites you.
You closely miss the adder. The adder bites you. The adder barely misses you.
You hit the adder.
The adder looks as sick as possible!
The adder is severely wounded.
You kill the adder!
e - 54 stones (gained 1) HP restored.
You see here a jackal corpse.
You see here a jackal corpse.
A kobold comes into view.
The kobold shouts!
Attack whom?
Press: ? - help, Dir - move target cursor, f - kobold
Aim: a kobold You reach to attack!
You barely miss the kobold. You hit the kobold.
You kill the kobold!
No target in view!
Are you sure you want to abandon this character and quit the game? (Confirm with "yes".)

#.# #....[..... #.#
#.......## ##.# #......##
♣♣♣#..############.#...##
♣..........##...##.##.##
♣♣.♣#######.##......##.#
♣♣♣..♣ #.##...#####.#
♣♣♣♣...♣♣ #.###.## #)#
♣.♣.♣.♣♣ #@# #.# #.#
...♣♣♣♣ #†###.### #.#
.♣♣♣ #.#.....# #.# †♣♣
..#.###.####.# †.♣ ###.
#......# ♣.♣♣
..###.##.### ♣..♣♣
#......##.# ♣♣♣.♣ .
#⌠.⌠...# ♣.♣ ## #.._..###


There were no monsters in sight!

Vanquished Creatures
  Sigmund (D:2)
  Natasha (twice) (D:2)
  3 adders
  A worm (D:2)
  2 leopard geckos (D:1)
  4 bats
  5 giant cockroaches
  8 goblins
  4 hobgoblins
  2 jackals (D:3)
  8 kobolds
  A ball python (D:2)
  3 frilled lizards
  9 rats
53 creatures vanquished.

Notes
Turn   | Place    | Note
-------+----------+-------------------------------------------
     0 | D:1      | silt the Troll Hunter began the quest for the Orb.
     0 | D:1      | Reached XP level 1. HP: 19/19 MP: 0/0
   181 | D:1      | Reached XP level 2. HP: 27/27 MP: 1/1
   428 | D:1      | Reached skill level 1 in Stealth
   503 | D:1      | Reached skill level 4 in Throwing
   699 | D:1      | Reached XP level 3. HP: 35/35 MP: 2/2
   799 | D:2      | Noticed Sigmund
   987 | D:2      | Killed Sigmund
   987 | D:2      | Reached XP level 4. HP: 45/45 MP: 3/3
   987 | D:2      | Reached XP level 5. HP: 53/53 MP: 4/4
  1073 | D:2      | Found a faded altar of an unknown god.
  1080 | D:2      | Found a glowing silver altar of Zin.
  1151 | D:2      | Noticed Natasha
  1159 | D:2      | Killed Natasha
  1204 | D:2      | Noticed Natasha
  1210 | D:2      | Killed Natasha
  1446 | D:2      | Found a deep blue altar of Sif Muna.
  1651 | D:3      | Found a sparkling altar of Nemelex Xobeh.
  1658 | D:3      | Reached XP level 6. HP: 61/61 MP: 5/5
  1763 | D:3      | Quit the game

Vault maps used:
D:1:      dpeg_arrival_rhombi, minmay_misc_feat_pillars, minmay_cut_off
D:2:      lemuel_crystal_altar, led_sif_pool, chequers_ecumenical_altar_simple,
          uniq_natasha, uniq_sigmund
D:3:      kb_forest_paths, gammafunk_temple_overflow_claw,
          nemelex_xobeh_ov_fountains_minmay, glass_columns_c,
          hangedman_decor_opposing

Skill      XL: |  1  2  3 |
---------------+----------+-----
Stealth        | 1 2 |  2.6
Throwing       | 4 |  4.0
Fighting       | 3 |  3.5
Dodging        | |  1.5

Action                   |  1- 3 |  4- 6 || total
-------------------------+-------+-------++-------
Melee: Spear             |    71 |    43 ||   114
Throw: Stone             |    72 |    21 ||    93
       Large rock        |     4 |       ||     4
       Tomahawk          |     4 |       ||     4
 Stab: Sleeping          |     3 |     2 ||     5
  Eat: Chunk             |    12 |     9 ||    21
Armor: Robe              |    25 |    10 ||    35
Dodge: Dodged            |    30 |    16 ||    46

Table legend:
 A = Spawn XP
 B = Non-spawn XP
 C = Spawn XP percentage of total XP
 D = Spawn monster count
 E = Non-spawn monster count
 F = Spawn count percentage of total count
 G = Total turns spent on level
                    A         B        C        D         E        F      G
               +---------+---------+-------+---------+---------+-------+---------
         Total |       0 |     413 |   0.0 |       0 |      53 |   0.0 |  1763
               +---------+---------+-------+---------+---------+-------+---------
           D:1 |       0 |      41 |   0.0 |       0 |      25 |   0.0 |   795
           D:2 |       0 |     332 |   0.0 |       0 |      17 |   0.0 |   726
           D:3 |       0 |      40 |   0.0 |       0 |      11 |   0.0 |   242
               +---------+---------+-------+---------+---------+-------+---------
